 Dungeon Crawl Stone Soup version 0.21.0-37-g46506fa (webtiles) character file.

264 letownia2 the Skirmisher (level 6, -11/52 HPs)
             Began as a Formicid Artificer on Feb 1, 2018.
             Killed themself with a badly aimed iceblast (14 damage)
             ... on level 3 of the Dungeon.
             The game lasted 00:06:15 (3394 turns).

letownia2 the Skirmisher (Formicid Artificer)       Turns: 3394, Time: 00:06:16

Health: -11/52     AC:  6    Str: 17    XL:     6   Next: 43%
Magic:  8/8        EV: 10    Int: 15    God:
Gold:   124        SH:  0    Dex: 11    Spells: 5/5 levels left

rFire    . . .     SeeInvis +   a - +0 short sword
rCold    . . .     Gourm    .   (no shield)
rNeg     . . .     Faith    .   i - +0 scale mail
rPois    .         Spirit   .   (helmet unavailable)
rElec    .         Reflect  .   (no cloak)
rCorr    .         Harm     .   (no gloves)
MR       .....                  (no boots)
Stlth    ..........             (no amulet)
HPRegen  0.17/turn              m - ring of wizardry
MPRegen  0.11/turn              c - +3 ring of intelligence

@: no status effects
A: permanent stasis, dig shafts and tunnels, four strong arms, antennae 3
a: Dig, Shaft Self


You were on level 3 of the Dungeon.
You were not hungry.

You visited 2 branches of the dungeon, and saw 5 of its levels.

You collected 124 gold pieces.

Inventory:

Hand Weapons
 a - a +0 short sword (weapon)
 v - a cursed -1 mace
Armour
 b - a +0 leather armour
 i - a +0 scale mail (worn)
 j - a cursed +0 robe
Jewellery
 c - a +3 ring of intelligence (right hand)
 m - a ring of wizardry (left hand)
 t - an uncursed ring of stealth
Wands
 d - a wand of enslavement (13)
 e - a wand of random effects (2)
Scrolls
 g - 5 scrolls of identify {unknown}
 h - 2 scrolls of teleportation {unknown}
 o - 2 scrolls of remove curse {unknown}
 p - a scroll of noise {unknown}
 q - a scroll of magic mapping {unknown}
 w - a scroll of enchant armour {unknown}
 y - a scroll of amnesia {unknown}
Potions
 k - 2 potions of flight {unknown}
 l - a potion of invisibility {unknown}
 n - 2 potions of haste {unknown}
 r - a potion of curing
 s - a potion of agility {unknown}
 x - 2 potions of heal wounds {unknown}
 z - a potion of might {unknown}
Comestibles
 f - 12 rations
 u - 5 chunks of flesh


   Skills:
 + Level 6.1 Fighting
 - Level 1.0 Short Blades
 - Level 2.1 Armour
 - Level 1.7 Dodging
 - Level 1.2 Stealth
 - Level 3.2 Evocations


You had 5 spell levels left.
You didn't know any spells.

Dungeon Overview and Level Annotations

Branches:
Dungeon (4/15)             Temple (1/1) D:4

Altars:
Ashenzari
Hepliaklqana
Kikubaaqudgha
Makhleb
Nemelex Xobeh
Okawaru
Qazlal
Sif Muna
Uskayaw
Vehumet
Xom
Zin
The Shining One
Lugonu


Innate Abilities, Weirdness & Mutations

You cannot be hasted, slowed, berserked, paralysed or teleported.
You can dig through walls and to a lower floor.
Your four strong arms can wield two-handed weapons with a shield.
You have a pair of large antennae on your head. (SInv)


Message History

You barely miss the hound.
The hound is severely wounded.
The hound barely misses you.
Unknown command.
You hit the hound but do no damage.
The hound is severely wounded.
The hound completely misses you. The hound bites you.
* * * LOW HITPOINT WARNING * * *
Unknown command.
Evoke which item? (* to show all) (? for menu, Esc to quit)
Aiming: Random Effects
Press: ? - help, Shift-Dir - straight line, f - hound
Aim: a hound (severely wounded)
The mass of ice explodes!
The iceblast engulfs the hound.
You kill the hound!
Your Fighting skill increases to level 6!
The iceblast engulfs the worm.
The worm is moderately wounded.
The iceblast engulfs you!
You die...

## ###.######## )##
#####.........# ..#
#.............# #.##
#.###.........# #..#
### #.###.....)...#
##.##
##.###...###########
#..# #...###..# ##.#
#..#..##..# #.#
#.###..#@.# #.## #..
#.w...# #..##..
##....# ##.##w_
#....# #..## ##...#
##.# ##### #.# ##
#.## .# #..# .#


You could see a worm.

Vanquished Creatures
  2 hounds
  Natasha (thrice) (D:3)
  A worker ant (D:4)
  5 adders
  3 leopard geckos
  2 orcs (D:3)
  2 giant cockroaches (D:2)
  7 goblins
  5 hobgoblins
  7 jackals
  4 quokkas
  2 ball pythons
  8 bats
  A frilled lizard (Temple)
  2 kobolds
  8 rats
62 creatures vanquished.

Notes
Turn   | Place    | Note
-------+----------+-------------------------------------------
     0 | D:1      | letownia2 the Formicid Artificer began the quest for the Orb.
     0 | D:1      | Reached XP level 1. HP: 15/15 MP: 3/3
   291 | D:1      | Reached skill level 2 in Fighting
   535 | D:1      | Reached XP level 2. HP: 22/22 MP: 4/4
   770 | D:1      | Reached skill level 3 in Fighting
   770 | D:1      | Reached XP level 3. HP: 17/29 MP: 5/5
  1419 | D:2      | Reached XP level 4. HP: 35/37 MP: 6/6
  1646 | D:4      | Reached skill level 4 in Fighting
  1646 | D:4      | Reached skill level 1 in Armour
  1795 | D:4      | Found a staircase to the Ecumenical Temple.
  1805 | Temple   | Entered the Ecumenical Temple
  1985 | D:4      | Reached XP level 5. HP: 41/43 MP: 7/7
  2145 | D:2      | Found a sparkling altar of Nemelex Xobeh.
  2197 | D:2      | Found a stormy altar of Qazlal.
  2320 | D:2      | Found a glowing silver altar of Zin.
  2510 | D:3      | Noticed Natasha
  2513 | D:3      | Killed Natasha
  2513 | D:3      | Reached skill level 5 in Fighting
  2526 | D:3      | Noticed Natasha
  2542 | D:3      | Killed Natasha
  2754 | D:3      | Reached XP level 6. HP: 26/51 MP: 8/8
  3189 | D:3      | Noticed Natasha
  3199 | D:3      | Killed Natasha
  3366 | D:3      | Found a burning altar of Makhleb.
  3394 | D:3      | Reached skill level 6 in Fighting
  3394 | D:3      | Killed themself with a badly aimed iceblast

Skill      XL: |  1  2  3  4  5  6 |
---------------+-------------------+-----
Fighting       | 2 3 4 5 6 |  6.1
Armour         | 2 |  2.1
Short Blades   | |  1.0
Dodging        | |  1.7
Stealth        | |  1.2
Evocations     | |  3.2

Action                   |  1- 3 |  4- 6 || total
-------------------------+-------+-------++-------
Melee: Short sword       |   115 |   197 ||   312
 Abil: Dig               |       |     1 ||     1
Evoke: Wand              |     7 |    23 ||    30
  Eat: Chunk             |     2 |     6 ||     8
Armor: Leather armour    |    42 |       ||    42
       Scale mail        |     8 |    85 ||    93
Dodge: Dodged            |   102 |   124 ||   226
